 Dungeon Crawl Stone Soup version 0.31-a0-182-gc5ef74bbde (webtiles) character file.

Game seed: 9442948907241803978

991 qw the Chopper (level 8, -7/49 HPs)
             Began as a Gargoyle Fighter on June 21, 2023.
             Was an Initiate of Okawaru.
             Mangled by Prince Ribbit (10 damage)
             ... on level 5 of the Dungeon.
             The game lasted 00:02:45 (4703 turns).

qw the Chopper (Gargoyle Fighter)                   Turns: 4703, Time: 00:02:46

Health: -7/49      AC: 18    Str: 22      XL:     8   Next: 18%
Magic:  8/8        EV:  8    Int:  8 (9)  God:    Okawaru [......]
Gold:   560        SH:  3    Dex:  5 (7)  Spells: 7/7 levels left

rFire   . . .        Y - +1 broad axe (heavy)
rCold   . . .        c - +0 buckler
rNeg    + + .        o - +0 chain mail
rPois   inf          (no helmet)
rElec   +            k - +0 cloak
rCorr   .            m - +0 pair of gloves
SInv    .            g - +0 pair of boots
Will    .....        (no amulet) Stlth
                     s - ring of positive energy
HPRegen 0.28/turn    (no ring)
MPRegen 0.11/turn

%: no passive effects
@: no status effects
A: sickness immunity, AC +5, negative energy resistance 1, electricity
resistance, torment resistance 1, petrification resistance, clumsy 1,
deterioration 1
a: Renounce Religion


You were on level 5 of the Dungeon.
You worshipped Okawaru.
Okawaru was noncommittal.
You visited 1 branch of the dungeon, and saw 6 of its levels.
You also visited: Ossuary.

You collected 560 gold pieces.


Innate Abilities, Weirdness & Mutations

You are immune to sickness and miasma.
Your stone body is resilient. (AC +5)
You are immune to poison.
You resist negative energy. (rN+)
You are resistant to electric shocks. (rElec)
You are resistant to unholy torment.
You are immune to petrification.
You are clumsy. (Dex -2)
Your body sometimes deteriorates upon taking damage.


   Skills:
 - Level 5.1 Fighting
 + Level 7.5 Axes
 - Level 4.0 Armour
 - Level 1.1 Dodging
 - Level 3.2 Shields


You had 7 spell levels left.
You didn't know any spells.
Your spell library was empty.

Inventory:

Hand Weapons
 l - a +2 flail of protection
 Y - a +1 heavy broad axe (weapon)
Armour
 c - a +0 buckler (worn)
 g - a +0 pair of boots (worn)
 k - a +0 cloak (worn)
 m - a +0 pair of gloves (worn)
 o - a +0 chain mail (worn)
Jewellery
 j - a ring of fire
 s - a ring of positive energy (left hand)
Scrolls
 q - 3 scrolls of identify
Potions
 a - a potion of cancellation
 d - a potion of might
 e - 3 potions of curing
 h - a potion of lignification
 i - 4 potions of haste
 n - a potion of enlightenment
 p - 3 potions of attraction

Dungeon Overview and Level Annotations

Branches:
Dungeon (6/15)             Temple (0/1) D:5         Ossuary (visited)

Altars:
Elyvilon
Nemelex Xobeh
Okawaru
Qazlal
Vehumet
Yredelemnul
The Shining One

Shops:
D:1 [

Annotations:
D:5 Prince Ribbit


Message History

You start resting.
Prince Ribbit is nearby!
You miss Prince Ribbit.
Prince Ribbit is severely wounded.
Prince Ribbit hits you!
Your body deteriorates!
You feel dopey. Prince Ribbit hits you!
Your body deteriorates!
You feel clumsy.
You closely miss Prince Ribbit.
Prince Ribbit is severely wounded.
Prince Ribbit says, "You're just another fly to me."
Prince Ribbit blinks!
You miss Prince Ribbit.
Prince Ribbit is severely wounded.
Prince Ribbit barely misses you.
Prince Ribbit blinks!
Prince Ribbit blinks!
You start resting.
Prince Ribbit is nearby!
Prince Ribbit lets out a mournful croak.
Prince Ribbit closely misses you.
You closely miss Prince Ribbit.
Prince Ribbit is severely wounded.
Prince Ribbit hits you but does no damage.
Prince Ribbit hits you! You block Prince Ribbit's attack.
4700 ||| DRINKING potion of heal wounds.
You feel much better. Prince Ribbit barely misses you.
You barely miss Prince Ribbit.
Prince Ribbit is severely wounded.
Prince Ribbit hits you. x2; Prince Ribbit hits you!
You miss Prince Ribbit.
Prince Ribbit is severely wounded.
Prince Ribbit hits you but does no damage.
Prince Ribbit barely misses you. x2
You miss Prince Ribbit.
Prince Ribbit is severely wounded.
Prince Ribbit hits you.
Your body deteriorates!
You feel clumsy. Prince Ribbit hits you!
You die...

##....### #.....# ###
###....))############.#########..
.................# #...........#
..........######.# #############
..........# #.# .#...#....# ##.#
........### ##.>## .##.#.#.#
##....# ......#.#####.#.@.#
.).........###..F.# .###.......#
##.### ...#.......# #.#.##
.#.#.......# #..#.## .#.#.......#
##.###.## .#.#.......# #.## ##.#
.#.#.......# ##.###.##
...######### ##.#.##


You could see Prince Ribbit.

Vanquished Creatures
  An ice beast (D:5)
  An ogre (D:5)
  2 phantoms (D:5)
  A scorpion (D:5)
  3 hounds
  2 sleepcaps
  A scorpion zombie (D:4)
  An iguana (D:4)
  A statue (D:3)
  A hound zombie (D:4)
  8 mummies (Ossuary)
  10 gnolls
  7 adders
  A worm zombie (D:4)
  2 worms
  2 dart slugs
  8 orcs
  11 endoplasms
  A giant cockroach (D:4)
  4 gnoll zombies (Ossuary)
  4 goblins
  13 hobgoblins
  6 kobolds
  11 quokkas
  7 ball pythons
  2 bats
  5 frilled lizards (D:1)
  A hobgoblin zombie (Ossuary)
  4 kobold zombies
  6 rats
127 creatures vanquished.

Notes
Turn   | Place    | Note
-------+----------+-------------------------------------------
     0 | D:1      | qw the Gargoyle Fighter began the quest for the Orb.
     0 | D:1      | Reached XP level 1. HP: 14/14 MP: 1/1
     0 | D:1      | 0 ||| qw: Version: 0.3-a-9-g12657ce
     0 | D:1      | 0 ||| qw: Game counter: 1645
     0 | D:1      | 0 ||| qw: Always use a shield: true
     0 | D:1      | 0 ||| qw: God list: Okawaru
     0 | D:1      | 0 ||| qw: Allow faded altars: false
     0 | D:1      | 0 ||| qw: Do Orc after D:15 true
     0 | D:1      | 0 ||| qw: Do second Lair branch before Depths: true
     0 | D:1      | 0 ||| qw: Lair rune preference: random
     0 | D:1      | 0 ||| qw: Plans: Normal, Zot:1-4, Slime:5, God:TSO, Crypt,
                  | Tomb, Abyss, Pan, Hells, Win
     0 | D:1      | 0 ||| PLANNING D:1-11
    10 | D:1      | Found Qanotin's Antique Armour Shop.
    30 | D:1      | 30 ||| SHOPLISTING agate-encrusted chain mail (218 gold,
                  | have 0).
    30 | D:1      | 30 ||| SHOPLISTING cloak (103 gold, have 0).
    30 | D:1      | 30 ||| SHOPLISTING glowing scale mail (161 gold, have 0).
    30 | D:1      | 30 ||| SHOPLISTING shiny orb (276 gold, have 0).
    41 | D:1      | Reached skill level 2 in Axes
   197 | D:1      | Reached XP level 2. HP: 19/19 MP: 2/2
   375 | D:1      | Reached skill level 3 in Axes
   378 | D:1      | 378 ||| DROPPING +0 club.
   416 | D:1      | 416 ||| Stepping ~*~*~tactically~*~*~ (stealth).
   420 | D:1      | Reached XP level 3. HP: 23/23 MP: 3/3
   420 | D:1      | 420 ||| Stepping ~*~*~tactically~*~*~ (stealth).
   425 | D:1      | 425 ||| Stepping ~*~*~tactically~*~*~ (stealth).
   598 | D:1      | 598 ||| READING scroll labelled HIRAEW VOORR.
   699 | D:1      | 699 ||| READING scroll labelled PEN DOMMUAWOGA.
   845 | D:2      | Found a faded altar of an unknown god.
  1141 | D:2      | 1141 ||| Stepping ~*~*~tactically~*~*~ (hiding).
  1193 | D:2      | Reached XP level 4. HP: 28/28 MP: 4/4
  1359 | D:2      | Reached skill level 4 in Axes
  1364 | D:2      | HP: 1/28 [gnoll/+0 whip (8)]
  1477 | D:2      | 1477 ||| DROPPING +2 whip of flaming.
  1782 | D:2      | 1782 ||| READING scroll labelled DOM EVYEZI.
  1783 | D:2      | 1783 ||| READING scroll labelled YCOTHRUAM FOYCK.
  1784 | D:2      | 1784 ||| DRINKING 2 fuming sapphire potions.
  1785 | D:2      | 1785 ||| DRINKING 2 silvery potions.
  1831 | D:3      | Reached XP level 5. HP: 28/32 MP: 5/5
  1834 | D:3      | 1834 ||| FLEEEEING.
  2183 | D:3      | 2183 ||| Stepping ~*~*~tactically~*~*~ (stealth).
  2197 | D:3      | Reached skill level 5 in Axes
  2211 | D:3      | Found a radiant altar of Vehumet.
  2211 | D:3      | Noticed a frost-covered statue
  2220 | D:3      | 2220 ||| FLEEEEING.
  2221 | D:3      | 2221 ||| FLEEEEING.
  2222 | D:3      | 2222 ||| FLEEEEING.
  2277 | D:3      | Killed a frost-covered statue
  2538 | D:3      | Found a sparkling altar of Nemelex Xobeh.
  2544 | D:3      | 2544 ||| UPGRADING to +0 pair of boots.
  2549 | D:3      | 2549 ||| UPGRADING to +0 cloak.
  2554 | D:3      | 2554 ||| UPGRADING to +0 pair of gloves.
  2559 | D:3      | 2559 ||| DRINKING 3 sapphire potions.
  2664 | D:3      | 2664 ||| DROPPING 2 potions of berserk rage.
  2691 | D:4      | 2691 ||| PLANNING OSSUARY
  2711 | D:4      | Found a white marble altar of Elyvilon.
  2711 | D:4      | Found a stormy altar of Qazlal.
  2757 | D:4      | 2757 ||| Stepping ~*~*~tactically~*~*~ (stealth).
  2772 | D:4      | Reached XP level 6. HP: 36/38 MP: 6/6
  2848 | D:4      | Reached skill level 1 in Dodging
  2853 | D:4      | Found a basalt altar of Yredelemnul.
  3160 | D:4      | 3160 ||| Stepping ~*~*~tactically~*~*~ (stealth).
  3161 | D:4      | 3161 ||| Stepping ~*~*~tactically~*~*~ (stealth).
  3197 | D:4      | Found a sand-covered staircase.
  3198 | D:4      | 3198 ||| UPGRADING to ring of positive energy.
  3199 | D:4      | 3199 ||| READING scroll labelled OLUYPR HYOHUO.
  3200 | D:4      | 3200 ||| READING scroll labelled OGOIRA WYPRURU.
  3201 | D:4      | 3201 ||| READING scroll labelled LIDULLA QE JYO.
  3202 | D:4      | 3202 ||| DRINKING 2 puce potions.
  3202 | D:4      | Gained mutation: Your muscles are strong. (Str +4, Int/Dex
                  | -1) [potion of mutation]
  3202 | D:4      | Gained mutation: You occasionally lose the ability to drink
                  | potions when taking damage. [potion of mutation]
  3203 | D:4      | 3203 ||| DRINKING potion of mutation.
  3203 | D:4      | Lost mutation: Your muscles are strong. (Str +4, Int/Dex
                  | -1) [potion of mutation]
  3203 | D:4      | Lost mutation: You occasionally lose the ability to drink
                  | potions when taking damage. [potion of mutation]
  3203 | D:4      | Gained mutation: Armour fits poorly on your strangely
                  | shaped body. [potion of mutation]
  3203 | D:4      | Gained mutation: You do not regenerate when monsters are
                  | visible. [potion of mutation]
  3204 | D:4      | 3204 ||| READING 3 scrolls of identify.
  3204 | D:4      | 3204 ||| IDENTIFYING grey potion
  3205 | D:4      | 3205 ||| READING 2 scrolls of identify.
  3205 | D:4      | 3205 ||| IDENTIFYING cyan potion
  3214 | Ossuary  | Entered an ossuary
  3467 | Ossuary  | 3467 ||| DRINKING potion of mutation.
  3467 | Ossuary  | Lost mutation: Armour fits poorly on your strangely shaped
                  | body. [potion of mutation]
  3467 | Ossuary  | Lost mutation: You do not regenerate when monsters are
                  | visible. [potion of mutation]
  3467 | Ossuary  | Gained mutation: Your body sometimes deteriorates upon
                  | taking damage. [potion of mutation]
  3467 | Ossuary  | Gained mutation: You are clumsy. (Dex -2) [potion of
                  | mutation]
  3491 | Ossuary  | Reached skill level 6 in Axes
  3502 | Ossuary  | Reached XP level 7. HP: 43/43 MP: 7/7
  3549 | Ossuary  | 3549 ||| READING scroll labelled JERECR URODD.
  3550 | Ossuary  | 3550 ||| READING 2 scrolls labelled EJIGASI CEABLO.
  3551 | Ossuary  | 3551 ||| READING scroll labelled ECENEC ANAQYEFF.
  3552 | Ossuary  | 3552 ||| READING scroll labelled SAANETZ SANIOLL.
  3553 | Ossuary  | 3553 ||| READING scroll labelled VIFREV UTUPING.
  3554 | Ossuary  | 3554 ||| READING scroll labelled WEDYCS WIUHOM.
  3554 | Ossuary  | Identified a scroll of acquirement
  3554 | Ossuary  | 3554 ||| ACQUIRING +1 heavy broad axe
  3554 | Ossuary  | Acquired a +1 heavy broad axe
  3556 | Ossuary  | 3556 ||| SWAPPING to +1 heavy broad axe.
  3557 | Ossuary  | 3557 ||| DROPPING +1 war axe of protection.
  3558 | Ossuary  | 3558 ||| DRINKING 2 red potions.
  3559 | Ossuary  | 3559 ||| DRINKING 2 viscous blue potions.
  3560 | Ossuary  | 3560 ||| READING 2 scrolls of identify.
  3560 | Ossuary  | 3560 ||| IDENTIFYING pink potion
  3561 | Ossuary  | 3561 ||| DROPPING scroll of immolation.
  3581 | D:4      | 3581 ||| PLANNING D:1-11
  3805 | D:5      | Entered Level 5 of the Dungeon
  3811 | D:5      | Found an iron altar of Okawaru.
  3813 | D:5      | 3813 ||| PLANNING OKAWARU WORSHIP
  3813 | D:5      | 3813 ||| UPGRADING to +0 chain mail.
  3823 | D:5      | 3823 ||| DROPPING +0 scale mail.
  3845 | D:5      | Became a worshipper of Warmaster Okawaru
  3846 | D:5      | 3846 ||| PLANNING D:1-11
  3920 | D:5      | Reached skill level 7 in Axes
  3950 | D:5      | Found a glowing golden altar of the Shining One.
  4303 | D:5      | 4303 ||| Stepping ~*~*~tactically~*~*~ (stealth).
  4316 | D:5      | Reached XP level 8. HP: 48/49 MP: 8/8
  4336 | D:5      | Found a staircase to the Ecumenical Temple.
  4354 | D:5      | 4354 ||| Stepping ~*~*~tactically~*~*~ (stealth).
  4530 | D:5      | Reached * piety under Okawaru
  4627 | D:5      | 4627 ||| READING scroll labelled VENGEO NUIHYW.
  4656 | D:6      | Noticed Prince Ribbit
  4657 | D:6      | 4657 ||| INVOKING Heroism.
  4666 | D:6      | 4666 ||| STAIRDANCE
  4699 | D:5      | HP: 11/49 [Prince Ribbit (8)]
  4700 | D:5      | 4700 ||| DRINKING potion of heal wounds.
  4703 | D:5      | HP: 3/49 [Prince Ribbit (5)]
  4703 | D:5      | Mangled by Prince Ribbit

Levels and vault maps discovered:
D:1:      lightli_arrival_boilingwater, layout_basic, serial_shops, shop
D:2:      layout_basic, basic_ecumenical_altar
D:3:      layout_loops_ring, nemelex_dance_club_becter, vehumet_statue
D:4:      layout_gridville, lemuel_zombie_altar_yredelemnul,
          nicolae_overflow_two_pavilions, enter_ossuary_3, eino_tiny_chamber
D:5:      layout_loops_cross, tso_metal_star, okawaru_gym_becter, temple_doors_e
D:6:      corexii_shantytown, layout_basic, nicolae_ru_sacrificial_ziggurat,
          mainiacjoe_overflow_cross_hatched, minmay_misc_feat_hallway,
          uniq_blork_the_orc, uniq_prince_ribbit1

Skill      XL: |  1  2  3  4  5  6  7 |
---------------+----------------------+-----
Axes           | 2 3 4 5 6 7 |  7.5
Fighting       | 4 5 |  5.1
Dodging        | 1 |  1.1
Armour         | 4 |  4.0
Shields        | |  3.2

Action                     |  1- 3 |  4- 6 |  7- 9 || total
---------------------------+-------+-------+-------++-------
  Melee: War axe           |   105 |   200 |       ||   305
         Broad axe         |       |       |    83 ||    83
 Invoke: Heroism           |       |       |     1 ||     1
    Use: Scroll            |     2 |     7 |     8 ||    17
         Potion            |       |     6 |     3 ||     9
 Armour: Scale mail        |    43 |    75 |     4 ||   122
         Chain mail        |       |       |    54 ||    54
  Dodge: Dodged            |    33 |    77 |    38 ||   148
  Block: Buckler           |    18 |    25 |    19 ||    62

Table legend:
 A = Non-vault XP
 B = Vault XP
 C = Vault XP percentage of total XP
 D = Non-vault monster count
 E = Vault monster count
 F = Vault count percentage of total count
                 A         B        C        D         E       F
            +---------+---------+-------+---------+---------+-------
      Total |    1159 |     257 |  18.1 |     104 |      23 |  18.1
            +---------+---------+-------+---------+---------+-------
        D:1 |      43 |       0 |   0.0 |      28 |       0 |   0.0
        D:2 |     115 |       0 |   0.0 |      20 |       0 |   0.0
        D:3 |     108 |      37 |  25.5 |      12 |       3 |  20.0
        D:4 |     142 |      66 |  31.7 |      24 |       4 |  14.3
        D:5 |     751 |       0 |   0.0 |      20 |       0 |   0.0
    Ossuary |       0 |     154 | 100.0 |       0 |      16 | 100.0
            +---------+---------+-------+---------+---------+-------
